 Dungeon Crawl Stone Soup version 0.27-a0-592-g0306a34022 (webtiles) character file.

Game seed: 10143232376026037984

46 robertstho the Skirmisher (level 3, -2/24 HPs)
             Began as a Gargoyle Fighter on Mar 10, 2021.
             Slain by a goblin
             ... wielding a +0 dagger
             ... led by Robin
              (3 damage)
             ... on level 2 of the Dungeon.
             The game lasted 00:01:23 (891 turns).

robertstho the Skirmisher (Gargoyle Fighter)         Turns: 891, Time: 00:01:23

Health: -2/24      AC: 10    Str: 20    XL:     3   Next: 66%
Magic:  3/3        EV:  7    Int:  8    God:
Gold:   23         SH:  9    Dex:  9    Spells: 2/2 levels left

rFire    . . .     SeeInvis .   a - +0 flail
rCold    . . .     Faith    .   c - +0 kite shield
rNeg     + . .     Spirit   .   b - +0 scale mail
rPois    ∞         Reflect  .   (no helmet)
rElec    +         Harm     .   (no cloak)
rCorr    .         Rampage  .   (no gloves)
Will     .....                  (no boots)
Stlth    ..........             (no amulet)
HPRegen  0.08/turn              (no ring)
MPRegen  0.08/turn              (no ring)

@: mighty
A: negative energy resistance 1, electricity resistance, torment resistance 1,
unbreathing 1, petrification resistance, AC +3
a: no special abilities


You were on level 2 of the Dungeon.
You visited 1 branch of the dungeon, and saw 2 of its levels.

You collected 23 gold pieces.

Inventory:

Hand Weapons
 a - a +0 flail (weapon)
Armour
 b - a +0 scale mail (worn)
 c - a +0 kite shield (worn)
Scrolls
 e - a scroll of identify {unknown}
 i - a scroll of noise {unknown}
Potions
 g - a potion of attraction {unknown}
 h - a potion of heal wounds {unknown}


   Skills:
 * Level 3.8 Fighting
 * Level 2.6 Maces & Flails
 * Level 3.7 Armour
 + Level 0.2 Dodging
 + Level 3.5 Shields


You had 2 spell levels left.
You didn't know any spells.
Your spell library was empty.

Dungeon Overview and Level Annotations

Branches:
Dungeon (2/15)

Altars:

Annotations:
D:2 Natasha, Robin


Innate Abilities, Weirdness & Mutations

Your stone body is resilient. (AC +3)
You are immune to poison.
You resist negative energy. (rN+)
You are resistant to electric shocks. (rElec)
You are resistant to unholy torment.
You can survive without breathing.
You are immune to petrification.


Message History

You block Natasha's attack. You block the goblin's attack.
Robin hits you but does no damage. The goblin hits you with a +0 dagger.
You feel very mighty all of a sudden. The goblin hits you but does no damage.
You block the hobgoblin's attack. You block Natasha's attack.
Robin hits you but does no damage. The goblin barely misses you.
You block the goblin's attack.
You closely miss Natasha.
Natasha is severely wounded.
The goblin no longer looks unusually strong. x2
The goblin hits you but does no damage.
The hobgoblin hits you but does no damage.
Natasha casts a spell.
Robin roars a battlecry!
The goblins go into a battle-frenzy!
You block the goblin's attack.
The goblin hits you but does no damage. x2
Natasha casts a spell at you. The magic dart hits you. Robin barely misses you.
You block the goblin's attack. The hobgoblin barely misses you.
You barely miss Natasha.
Natasha is severely wounded.
The goblin no longer looks unusually strong.
You block the goblin's attack.
The ooze jiggles.
Natasha closely misses you. The goblin barely misses you.
The crimson imp blinks!
Robin roars a battlecry!
The goblin goes into a battle-frenzy!
You block the goblin's attack. The hobgoblin hits you with a +0 club.
* * * LOW HITPOINT WARNING * * *
The crimson imp blinks!
The goblin hits you with a +0 dagger.
* * * LOW HITPOINT WARNING * * *
You closely miss Natasha.
Natasha is severely wounded.
Natasha claws you.
* * * LOW HITPOINT WARNING * * *
Robin hits you but does no damage. You block the goblin's attack.
The goblin hits you.
* * * LOW HITPOINT WARNING * * *
The hobgoblin hits you but does no damage.
The goblin hits you with a +0 dagger.
You die...

..#. . ... .##
..$... ..#.# #.#.#
...##gJb#######
#..ggghg...).. ##
#@g..#
....###gg..##
#.<......5#######
######.#.........#
#......#.#.......#
...##..[..........#
#........<....#
#...5.........#
#.............#


You could see Robin, Natasha, 2 crimson imps, an ooze, a hobgoblin (strong), 6
goblins and a bat.

Vanquished Creatures
  A gnoll (D:1)
  An ooze (D:1)
  2 dart slugs (D:1)
  A leopard gecko (D:1)
  A bat (D:1)
  2 giant cockroaches (D:1)
  2 goblins
  6 hobgoblins
  2 jackals (D:1)
  A ball python (D:1)
  3 frilled lizards (D:1)
  A kobold (D:1)
  3 rats (D:1)
26 creatures vanquished.

Notes
Turn   | Place    | Note
-------+----------+-------------------------------------------
     0 | D:1      | robertstho the Gargoyle Fighter began the quest for the
                  | Orb.
     0 | D:1      | Reached XP level 1. HP: 14/14 MP: 1/1
    58 | D:1      | Reached XP level 2. HP: 19/19 MP: 2/2
   465 | D:1      | Reached XP level 3. HP: 22/24 MP: 3/3
   876 | D:2      | Noticed Natasha
   878 | D:2      | Noticed Robin
   891 | D:2      | HP: 1/24 [goblin[Robin] (2)]
   891 | D:2      | Slain by a goblin

Illustrated notes

Levels and vault maps discovered:
D:1:      minmay_arrival_glassed_features, layout_loops_ring
D:2:      layout_rooms, okawaru_trees_2, uniq_natasha, uniq_robin

Action                   || total
-------------------------++-------
Melee: Flail             ||   101
  Use: Potion            ||     2
Armor: Scale mail        ||    73
Dodge: Dodged            ||    29
Block: Kite shield       ||    80

Table legend: (Time is in decaauts)
 A = Elapsed time spent in this place.
 B = Non-inter-level travel time spent in this place.
 C = Inter-level travel time spent in this place.
 D = Time resting spent in this place.
 E = Time spent auto-exploring this place.
 F = Levels seen in this place.
 G = Mean time per level.
                   A        B        C        D        E       F      G
               +--------+--------+--------+--------+--------+-----+--------+
         Total |    943 |    937 |      6 |      0 |    714 |   2 |  471.5 |
       Dungeon |    943 |    937 |      6 |      0 |    714 |   2 |  471.5 |
               +--------+--------+--------+--------+--------+-----+--------+

Top non-repeatable levels by time:
     D:1: 913 daAuts
     D:2: 29 daAuts
